[Event "Kragero Resort Chess B 2019"]
[Site "Kragero"]
[Date "2019.02.21"]
[Round "3.6"]
[White "Bernstein, Jonas August"]
[Black "Austad, Eirik"]
[Result "1/2-1/2"]
[ECO "E80"]
[WhiteElo "1744"]
[BlackElo "1629"]
[Annotator "NA"]
[PlyCount "104"]
[EventDate "2019.02.20"]
[EventType "swiss"]
[EventCountry "NOR"]
[SourceTitle "playchess.com"]
[Source "ChessBase"]
[SourceQuality "1"]
[TimeControl "5400+30"]

1. d4 Nf6 2. c4 g6 3. Nc3 Bg7 4. e4 d6 5. f3 h5 6. Nge2 Na6 7. Be3 c5 8. Qd2 Bd7 9. d5 Nc7 10. a4 a6 11. a5 Qb8 12. e5 Ng8 13. exd6 exd6 14. Ne4 Ke7 15. N2c3 Ne8 16. Bf4 Bh6 17. Bd3 b5 18. axb6 Qxb6 19. Bxh6 Nxh6 20. O-O Kf8 21. Qf4 Kg7 22. Rfe1 Nf5 23. Rab1 h4 24. Ng5 Qd8 25. Bxf5 Bxf5 26. Ra1 Qf6 27. Nge4 Qd4+ 28. Qe3 Qxc4 29. Nxd6 Nxd6 30. Qe5+ Kg8 31. Qxd6 Qd4+ 32. Kh1 h3 33. g4 Bc8 34. Re8+ Kh7 35. Rxh8+ Kxh8 36. Qf8+ Kh7 37. Qxf7+ Qg7 38. Qxg7+ Kxg7 39. Ne4 Bb7 40. Rd1 Rd8 41. d6 Bxe4 42. fxe4 Kf6 43. Rd5 Ke6 44. Rxc5 Rxd6 45. Rc1 Ke5 46. Re1 Rd2 47. Kg1 Rxb2 48. Ra1 Rg2+ 49. Kf1 Rxg4 50. Rxa6 Kxe4 51. Ra3 Rf4+ 52. Ke2 Kf5 {[%emt 0:00:27] Kf1 [%emt 00:00:27]} 1/2-1/2

[Event "Kragero Resort Chess B 2019"]
[Site "Kragero"]
[Date "2019.02.21"]
[Round "3.8"]
[White "Leonhardsen, Vebjorn Maanum"]
[Black "Amarapala, Sheroni"]
[Result "1-0"]
[ECO "A20"]
[WhiteElo "1748"]
[BlackElo "1514"]
[Annotator "NA"]
[PlyCount "85"]
[EventDate "2019.02.20"]
[EventType "swiss"]
[EventCountry "NOR"]
[SourceTitle "playchess.com"]
[Source "ChessBase"]
[SourceQuality "1"]
[TimeControl "5400+30"]

1. c4 e5 2. g3 Nf6 3. Bg2 Bc5 4. e3 O-O 5. Ne2 d5 6. cxd5 Nxd5 7. a3 a5 8. Nbc3 Nxc3 9. bxc3 Nd7 10. O-O Nf6 11. d4 exd4 12. cxd4 Bb6 13. Qc2 c6 14. Bb2 Bg4 15. Nc3 Re8 16. Na4 Bc7 17. Nc5 Rb8 18. Rfe1 Qc8 19. e4 Bh3 20. Bc3 Bxg2 21. Kxg2 Qg4 22. f3 Qg6 23. Rab1 Nd5 24. Bd2 b6 25. Na6 Rbc8 26. Nxc7 Rxc7 27. exd5 Rxe1 28. Rxe1 Rc8 29. Qxg6 hxg6 30. Rc1 Kf8 31. dxc6 Ke7 32. d5 Kd6 33. Bf4+ Kxd5 34. c7 Ke6 35. Rc6+ Kd7 36. Rxb6 f6 37. Rb8 Rxc7 38. Bxc7 Kxc7 39. Rb5 Kc6 40. Rxa5 Kb6 41. Ra8 Kb5 42. Rg8 Ka4 43. Rxg7 1-0

[Event "Kragero Resort Chess B 2019"]
[Site "Kragero"]
[Date "2019.02.22"]
[Round "4.1"]
[White "Hausken, Andreas Skrede"]
[Black "Halvorsen, Benjamin"]
[Result "0-1"]
[ECO "B07"]
[WhiteElo "1752"]
[BlackElo "1683"]
[Annotator "NA"]
[PlyCount "48"]
[EventDate "2019.02.20"]
[EventType "swiss"]
[EventCountry "NOR"]
[SourceTitle "playchess.com"]
[Source "ChessBase"]
[SourceQuality "1"]
[TimeControl "5400+30"]

1. e4 d6 2. d4 Nf6 3. Nc3 g6 4. Be3 c6 5. Nf3 b5 6. Bd3 Bg4 7. h3 Bxf3 8. Qxf3 Bg7 9. Ne2 O-O 10. g4 Nbd7 11. g5 Nh5 12. Ng3 Nxg3 13. Qxg3 e5 14. c3 Qa5 15. Bd2 Qa4 16. O-O exd4 17. Qxd6 Ne5 18. Be2 d3 19. Bd1 Qxe4 20. f3 Qh4 21. Kg2 Rad8 22. Qxf8+ Bxf8 23. f4 Nc4 24. Be1 Ne3+ 0-1

[Event "Kragero Resort Chess B 2019"]
[Site "Kragero"]
[Date "2019.02.22"]
[Round "4.2"]
[White "Wright, Haakon"]
[Black "Olsen, William Alexander"]
[Result "1-0"]
[ECO "A23"]
[WhiteElo "1750"]
[BlackElo "1646"]
[Annotator "NA"]
[PlyCount "55"]
[EventDate "2019.02.20"]
[EventType "swiss"]
[EventCountry "NOR"]
[SourceTitle "playchess.com"]
[Source "ChessBase"]
[SourceQuality "1"]
[TimeControl "5400+30"]

1. c4 e5 2. g3 Nf6 3. Bg2 Bc5 4. Nc3 c6 5. d3 O-O 6. Nf3 Re8 7. O-O h6 8. Nxe5 Bxf2+ 9. Rxf2 Rxe5 10. e4 d6 11. h3 Na6 12. Qf3 Kh7 13. g4 Be6 14. d4 Ra5 15. d5 Bc8 16. g5 Nd7 17. Qf5+ Kh8 18. gxh6 Ne5 19. hxg7+ Kxg7 20. Qh5 Qh8 21. Qg5+ Ng6 22. Qf6+ Kh7 23. Qxf7+ Qg7 24. Qf3 Bd7 25. Qh5+ Kg8 26. Bh6 Qh7 27. Raf1 Re8 28. Rf6 1-0

[Event "Kragero Resort Chess B 2019"]
[Site "Kragero"]
[Date "2019.02.22"]
[Round "4.3"]
[White "Tumanyan, Simon H."]
[Black "Omtvedt, Per"]
[Result "1/2-1/2"]
[ECO "B44"]
[WhiteElo "1704"]
[BlackElo "1918"]
[Annotator "NA RC"]
[PlyCount "96"]
[EventDate "2019.02.20"]
[EventType "swiss"]
[EventCountry "NOR"]
[SourceTitle "playchess.com"]
[Source "ChessBase"]
[SourceQuality "1"]
[TimeControl "5400+30"]

1. e4 c5 2. Nf3 e6 3. d4 cxd4 4. Nxd4 Nc6 5. c4 Nf6 6. Nc3 Bb4 7. f3 d5 {[%emt 0:02:10] B44: Sicilian: Taimanov: 5 Nb5} (7... O-O 8. Nxc6 bxc6 9. e5 Nh5 10. Qd4 f6 11. exf6 e5 12. Qh4 Nxf6 13. Bd3 Qb6 14. Bg5 d5 15. a3 Bxc3+ 16. bxc3 {0-1 (49) Balint,V (2281)-Mischuk,D (2403) Budapest 2017}) 8. Nxc6 bxc6 9. cxd5 exd5 10. Qd4 Qe7 11. Bg5 dxe4 12. Bxf6 gxf6 13. O-O-O $146 ({Predecessor:} 13. Qxe4 Qxe4+ 14. fxe4 Bxc3+ 15. bxc3 Be6 16. Bd3 {½-½ (38) Hannaske,A-Goormachtigh,J (2237) Gent 2011}) 13... Bxc3 14. Qxc3 O-O 15. fxe4 Qe5 16. Qxe5 fxe5 17. Bc4 Bg4 18. Rd6 Rfd8 19. Rf6 Bh5 20. Rhf1 Rd4 21. Bxf7+ Bxf7 22. Rxf7 Rxe4 23. Rc7 Re2 24. Rff7 Rxg2 25. Rxh7 Rf8 26. Rhd7 Rf1+ 27. Rd1 Rxd1+ 28. Kxd1 Rxb2 29. Rxa7 Rxh2 30. a4 Ra2 31. Re7 Rxa4 32. Rxe5 Kf7 33. Kc2 Kf6 34. Re8 Ra5 35. Kc3 Re5 36. Rxe5 Kxe5 37. Kc4 Kd6 38. Kd4 c5+ 39. Kc4 Kc6 40. Kc3 Kd5 41. Kd3 c4+ 42. Kc3 Kc5 43. Kc2 Kd4 44. Kd2 c3+ 45. Kc2 Kc4 46. Kc1 $11 Kd3 47. Kd1 c2+ 48. Kc1 Kc3 1/2-1/2

[Event "Kragero Resort Chess B 2019"]
[Site "Kragero"]
[Date "2019.02.22"]
[Round "4.4"]
[White "Becher, Adrian"]
[Black "Leonhardsen, Vebjorn Maanum"]
[Result "0-1"]
[ECO "B10"]
[WhiteElo "1642"]
[BlackElo "1748"]
[Annotator "NA"]
[PlyCount "112"]
[EventDate "2019.02.20"]
[EventType "swiss"]
[EventCountry "NOR"]
[SourceTitle "playchess.com"]
[Source "ChessBase"]
[SourceQuality "1"]
[TimeControl "5400+30"]

1. e4 c6 2. Nf3 d5 3. exd5 cxd5 4. g3 Bg4 5. d4 e6 6. Bg2 Nf6 7. O-O Bd6 8. c4 O-O 9. c5 Bc7 10. b4 a6 11. a4 Nc6 12. Ba3 e5 13. dxe5 Nxe5 14. Nbd2 Re8 15. Qb3 Nxf3+ 16. Nxf3 Qd7 17. Nd4 Bh3 18. f3 Bxg2 19. Kxg2 Be5 20. Bb2 Re7 21. Rae1 Rae8 22. Qd1 Bc7 23. Bc3 Rxe1 24. Rxe1 Rxe1 25. Bxe1 Be5 26. Bf2 Ne8 27. Qb3 Bxd4 28. Bxd4 Nc7 29. Kf2 Ne6 30. Ke3 Nc7 31. Kf2 Qh3 32. Kg1 Qh6 33. Qe3 Qe6 34. Kf2 Qd7 35. Qb3 h5 36. a5 Qh3 37. Kg1 Qe6 38. Qe3 Qf5 39. Qe5 Qxe5 40. Bxe5 Ne6 41. Kf2 Kf8 42. Ke3 Ke7 43. f4 g6 44. h3 Nd8 45. Bc3 Ke6 46. g4 Nc6 47. Kf3 d4 48. Bd2 Kd5 49. gxh5 gxh5 50. Be1 Ne7 51. Bd2 Nf5 52. Bc1 d3 53. Be3 Nxe3 54. Kxe3 Kc4 55. f5 Kc3 56. b5 d2 0-1

[Event "Kragero Resort Chess B 2019"]
[Site "Kragero"]
[Date "2019.02.22"]
[Round "4.5"]
[White "Mikelsen, Mattis"]
[Black "Austad, Eirik"]
[Result "0-1"]
[ECO "B11"]
[WhiteElo "1745"]
[BlackElo "1629"]
[Annotator "NA"]
[PlyCount "100"]
[EventDate "2019.02.20"]
[EventType "swiss"]
[EventCountry "NOR"]
[SourceTitle "playchess.com"]
[Source "ChessBase"]
[SourceQuality "1"]
[TimeControl "5400+30"]

1. e4 c6 2. Nc3 d5 3. Nf3 Bg4 4. exd5 cxd5 5. Bb5+ Nc6 6. h3 Bxf3 7. Qxf3 a6 8. Ba4 e6 9. d3 Bd6 10. O-O Nge7 11. Re1 O-O 12. Bf4 Ng6 13. Bxd6 Qxd6 14. Ne2 Rfd8 15. d4 Na5 16. Bb3 Rac8 17. c3 Qb6 18. Nc1 Nc4 19. Nd3 Nd2 20. Qd1 Nc4 21. Qc2 Qa5 22. Nc5 Qb6 23. Bxc4 dxc4 24. Re4 Qa7 25. Qa4 Rc7 26. Re3 b6 27. Ne4 Qb7 28. Rae1 Qc6 29. Qxc6 Rxc6 30. g3 h6 31. Nd2 Rb8 32. Nf3 Ne7 33. Ne5 Rc7 34. Rf3 Nd5 35. Ng4 b5 36. a3 a5 37. Ne3 Nxe3 38. fxe3 b4 39. axb4 axb4 40. e4 Rd7 41. Ra1 bxc3 42. bxc3 Rb2 43. Ra4 Re2 44. Rxc4 Rxe4 45. Kf2 e5 46. Re3 Rxe3 47. Kxe3 exd4+ 48. Rxd4 Rc7 49. Rd8+ Kh7 50. Kd4 Kg6 0-1

[Event "Kragero Resort Chess B 2019"]
[Site "Kragero"]
[Date "2019.02.22"]
[Round "4.6"]
[White "Frovik, Einar Clausen"]
[Black "Bernstein, Jonas August"]
[Result "1/2-1/2"]
[ECO "B17"]
[WhiteElo "1555"]
[BlackElo "1744"]
[Annotator "NA"]
[PlyCount "108"]
[EventDate "2019.02.20"]
[EventType "swiss"]
[EventCountry "NOR"]
[SourceTitle "playchess.com"]
[Source "ChessBase"]
[SourceQuality "1"]
[TimeControl "5400+30"]

1. e4 c6 2. d4 d5 3. Nc3 dxe4 4. Nxe4 Nd7 5. Bc4 Ngf6 6. Ng3 Nb6 7. Bb3 e6 8. Nf3 Be7 9. c3 O-O 10. Bc2 c5 11. O-O cxd4 12. Nxd4 Qc7 13. Qe2 Nbd5 14. Ne4 Nxe4 15. Qxe4 Nf6 16. Qh4 g6 17. Bg5 Nd5 18. Nf3 Bxg5 19. Nxg5 f6 20. Nf3 Nf4 21. Rfe1 e5 22. g3 Nh3+ 23. Kg2 Kg7 24. Ng1 Ng5 25. Qb4 Bd7 26. h4 Bc6+ 27. Kh2 Nf7 28. Be4 Rad8 29. Rad1 Nh6 30. Bxc6 bxc6 31. b3 Rb8 32. Qd6 Qb6 33. Kg2 Nf5 34. Qd2 c5 35. Nf3 Rfd8 36. Qe2 a5 37. Rxd8 Rxd8 38. Rd1 Rxd1 39. Qxd1 Qc6 40. Kh2 e4 41. Nd2 e3 42. fxe3 Nxe3 43. Qe2 Qe6 44. Qf3 Ng4+ 45. Kg2 f5 46. Qb7+ Kf6 47. Qf3 Qe1 48. Qc6+ Kg7 49. Qc7+ Kh6 50. Qf4+ Kg7 51. Qc7+ Kf6 52. Qd8+ Kg7 53. Qc7+ Kf6 54. Qd8+ Kg7 1/2-1/2

[Event "Kragero Resort Chess B 2019"]
[Site "Kragero"]
[Date "2019.02.22"]
[Round "4.7"]
[White "Arntsen, Frode"]
[Black "Sivertsen, Jarle"]
[Result "1-0"]
[ECO "A20"]
[WhiteElo "1718"]
[BlackElo "1605"]
[Annotator "NA"]
[PlyCount "69"]
[EventDate "2019.02.20"]
[EventType "swiss"]
[EventCountry "NOR"]
[SourceTitle "playchess.com"]
[Source "ChessBase"]
[SourceQuality "1"]
[TimeControl "5400+30"]

1. c4 e5 2. g3 Nf6 3. Bg2 c6 4. Nf3 e4 5. Nd4 d5 6. cxd5 Qxd5 7. Nc2 Qh5 8. Ne3 Bh3 9. Qb3 Bxg2 10. Qxb7 Bxh1 11. Qc8+ Ke7 12. Nf5+ Qxf5 13. Qxf5 Nbd7 14. Nc3 g6 15. Qh3 e3 16. f3 exd2+ 17. Bxd2 Bg7 18. Kf2 Bxf3 19. exf3 Rhe8 20. Bh6 Kf8 21. Bxg7+ Kxg7 22. Re1 Ne5 23. Qf1 Rad8 24. Kg2 Rd2+ 25. Kh3 Nxf3 26. Re2 Rexe2 27. Nxe2 g5 28. g4 Nh4 29. Ng3 Kg6 30. Qc1 Nd5 31. Qxc6+ f6 32. Qe8+ Kg7 33. Nh5+ Kh6 34. Qf8+ Kg6 35. Qg7# 1-0

[Event "Kragero Resort Chess B 2019"]
[Site "Kragero"]
[Date "2019.02.22"]
[Round "4.8"]
[White "Manukyan, Hayk T."]
[Black "Gaudernack, Henrik Egeland"]
[Result "1-0"]
[ECO "D78"]
[WhiteElo "1806"]
[BlackElo "1585"]
[Annotator "NA"]
[PlyCount "77"]
[EventDate "2019.02.20"]
[EventType "swiss"]
[EventCountry "NOR"]
[SourceTitle "playchess.com"]
[Source "ChessBase"]
[SourceQuality "1"]
[TimeControl "5400+30"]

1. d4 d5 2. c4 c6 3. Nf3 Nf6 4. Nbd2 g6 5. g3 Bg7 6. Bg2 O-O 7. O-O Nbd7 8. b3 Re8 9. Bb2 dxc4 $14 10. bxc4 e5 11. e3 Qc7 12. Qb3 exd4 13. exd4 Nb6 14. Ne5 Be6 15. Rac1 Nfd7 16. f4 f6 17. Nef3 Nxc4 18. Rxc4 b5 19. Qxb5 Rab8 20. Rxc6 Rxb5 21. Rxc7 Rxb2 22. Rxa7 Rxa2 23. Rxa2 Bxa2 24. Ra1 Bd5 25. Kf2 f5 26. Ne5 Bxg2 27. Kxg2 Rd8 28. Nxd7 Rxd7 29. Nf3 Rd8 30. Rd1 Kf7 31. Ng5+ Kg8 32. Ne6 Rd5 33. Nxg7 Kxg7 34. Kf3 Kf6 35. Ke3 g5 36. Rc1 Kg6 37. Rc6+ Kh5 38. Rc5 gxf4+ 39. gxf4 1-0

[Event "Kragero Resort Chess B 2019"]
[Site "Kragero"]
[Date "2019.02.22"]
[Round "5.1"]
[White "Halvorsen, Benjamin"]
[Black "Wright, Haakon"]
[Result "1/2-1/2"]
[ECO "B35"]
[WhiteElo "1683"]
[BlackElo "1750"]
[Annotator "NA"]
[PlyCount "47"]
[EventDate "2019.02.20"]
[EventType "swiss"]
[EventCountry "NOR"]
[SourceTitle "playchess.com"]
[Source "ChessBase"]
[SourceQuality "1"]
[TimeControl "5400+30"]

1. e4 c5 2. Nf3 g6 3. Nc3 Bg7 4. d4 cxd4 5. Nxd4 Nc6 6. Be3 Nf6 7. Bc4 O-O 8. Bb3 a5 9. a4 Ng4 10. Nxc6 Nxe3 11. Nxd8 Nxd1 12. Rxd1 Rxd8 13. Nd5 Kf8 14. Nb6 Ra6 15. Nxc8 Rxc8 16. Rxd7 Rb6 17. Ke2 Bxb2 18. Rhd1 Rb4 19. Rd8+ Rxd8 20. Rxd8+ Kg7 21. Ke3 b5 22. Rb8 bxa4 23. Rxb4 axb4 24. Bxa4 1/2-1/2

[Event "Kragero Resort Chess B 2019"]
[Site "Kragero"]
[Date "2019.02.22"]
[Round "5.2"]
[White "Austad, Eirik"]
[Black "Leonhardsen, Vebjorn Maanum"]
[Result "1/2-1/2"]
[ECO "A11"]
[WhiteElo "1629"]
[BlackElo "1748"]
[Annotator "NA"]
[PlyCount "88"]
[EventDate "2019.02.20"]
[EventType "swiss"]
[EventCountry "NOR"]
[SourceTitle "playchess.com"]
[Source "ChessBase"]
[SourceQuality "1"]
[TimeControl "5400+30"]

1. c4 c6 2. Nf3 d5 3. e3 Nf6 4. Nc3 e6 5. Be2 Bd6 6. b3 O-O 7. O-O Nbd7 8. Bb2 Re8 9. Rc1 Nf8 10. a3 Ng6 11. cxd5 exd5 12. Na4 Ne4 13. b4 Ne5 14. Nd4 a6 15. f4 Nd7 16. Nf5 Bf8 17. Qe1 Nb6 18. Nxb6 Qxb6 19. Nh4 Qd8 20. Nf3 Bg4 21. Ne5 Bxe2 22. Qxe2 Nf6 23. Rf3 Nd7 24. Ng4 g6 25. f5 Bg7 26. fxg6 fxg6 27. Bxg7 Kxg7 28. Qd3 Qg5 29. Qd4+ Ne5 30. Nxe5 Qxe5 31. Qc5 Qe7 32. Rcf1 Rad8 33. Qd4+ Kg8 34. Qf6 Qxf6 35. Rxf6 Rf8 36. Rxf8+ Rxf8 37. Rxf8+ Kxf8 38. Kf2 Ke7 39. Kf3 Kd6 40. d4 b6 41. Kf4 h6 42. h4 Ke6 43. g4 Kf6 44. a4 h5 1/2-1/2

[Event "Kragero Resort Chess B 2019"]
[Site "Kragero"]
[Date "2019.02.22"]
[Round "5.3"]
[White "Omtvedt, Per"]
[Black "Hestholm, Gustav"]
[Result "1-0"]
[ECO "B26"]
[WhiteElo "1918"]
[BlackElo "1660"]
[Annotator "NA"]
[PlyCount "73"]
[EventDate "2019.02.20"]
[EventType "swiss"]
[EventCountry "NOR"]
[SourceTitle "playchess.com"]
[Source "ChessBase"]
[SourceQuality "1"]
[TimeControl "5400+30"]

1. e4 c5 2. Nc3 Nc6 3. g3 g6 4. Bg2 Bg7 5. d3 e6 6. Be3 d6 7. Qd2 Rb8 8. Nf3 Nd4 9. Bxd4 cxd4 10. Nb5 e5 11. Qb4 Bf8 12. Nxa7 d5 13. Qb5+ Bd7 14. Qxd5 f6 15. Nxe5 fxe5 16. Qxe5+ Ne7 17. Qxh8 Qa5+ 18. Ke2 Qxa7 19. Qxh7 Rc8 20. Rhc1 Rc5 21. Bh3 Qa4 22. Bxd7+ Qxd7 23. Qh4 Rh5 24. Qf4 Rxh2 25. Rh1 Rxh1 26. Rxh1 Bg7 27. Rh7 Nc6 28. Qh4 Nb4 29. Qh3 Qe7 30. Qc8+ Kf7 31. Qc4+ Kf8 32. Qc8+ Kf7 33. f4 Na6 34. Qh8 Kf6 35. e5+ Kf5 36. Qxg7 Qc5 37. Qf6+ 1-0

[Event "Kragero Resort Chess B 2019"]
[Site "Kragero"]
[Date "2019.02.22"]
[Round "5.4"]
[White "Olsen, William Alexander"]
[Black "Manukyan, Hayk T."]
[Result "0-1"]
[ECO "A04"]
[WhiteElo "1646"]
[BlackElo "1806"]
[Annotator "NA"]
[PlyCount "66"]
[EventDate "2019.02.20"]
[EventType "swiss"]
[EventCountry "NOR"]
[SourceTitle "playchess.com"]
[Source "ChessBase"]
[SourceQuality "1"]
[TimeControl "5400+30"]

1. e4 c5 2. Nf3 g6 3. g3 Bg7 4. Bg2 Nc6 5. O-O e6 6. c3 Nge7 7. d4 cxd4 8. cxd4 d5 9. e5 a6 10. Nc3 Qb6 11. Na4 Qa7 12. b3 Nf5 13. Ba3 Bf8 14. Bc5 Bxc5 15. dxc5 Bd7 16. Nb6 Rd8 17. g4 Nfe7 18. Qd2 h6 19. Rfc1 Nc8 20. Qe3 Qb8 21. Qf4 N6e7 22. Qf6 Rh7 23. a4 g5 24. Nxg5 hxg5 25. Bf1 Kf8 26. Qxg5 Nxb6 27. cxb6 Nc6 28. f4 Nd4 29. Rc3 Rc8 30. Rac1 Nf3+ 31. Rxf3 Rxc1 32. f5 Qxe5 33. Qxc1 Qxh2# 0-1

[Event "Kragero Resort Chess B 2019"]
[Site "Kragero"]
[Date "2019.02.22"]
[Round "5.5"]
[White "Espeland, Jonatan"]
[Black "Hausken, Andreas Skrede"]
[Result "1/2-1/2"]
[ECO "B49"]
[WhiteElo "1634"]
[BlackElo "1752"]
[Annotator "NA"]
[PlyCount "69"]
[EventDate "2019.02.20"]
[EventType "swiss"]
[EventCountry "NOR"]
[SourceTitle "playchess.com"]
[Source "ChessBase"]
[SourceQuality "1"]
[TimeControl "5400+30"]

1. e4 c5 2. Nf3 e6 3. d4 cxd4 4. Nxd4 Nc6 5. Nc3 Qc7 6. Be3 a6 7. Be2 Nf6 8. a3 b5 9. O-O Bb7 10. f4 Nxd4 11. Qxd4 Rc8 12. Bf3 Bc5 13. Qxc5 Qxc5 14. Bxc5 Rxc5 15. e5 Bxf3 16. Rxf3 Nd5 17. Nxd5 Rxd5 18. Rd3 Rxd3 19. cxd3 d6 20. d4 Kd7 21. Rc1 Rc8 22. Rxc8 Kxc8 23. Kf2 Kc7 24. Ke3 f5 25. b4 Kc6 26. h3 h6 27. Kd2 Kd5 28. Kd3 dxe5 29. dxe5 g5 30. g3 gxf4 31. gxf4 h5 32. h4 Kc6 33. Kd4 Kb6 34. Kc3 Kc6 35. Kd4 1/2-1/2

[Event "Kragero Resort Chess B 2019"]
[Site "Kragero"]
[Date "2019.02.22"]
[Round "5.6"]
[White "Opseth, Oliver"]
[Black "Gronn, Embla Ekeland"]
[Result "0-1"]
[ECO "D00"]
[WhiteElo "1750"]
[BlackElo "1633"]
[Annotator "NA"]
[PlyCount "64"]
[EventDate "2019.02.20"]
[EventType "swiss"]
[EventCountry "NOR"]
[SourceTitle "playchess.com"]
[Source "ChessBase"]
[SourceQuality "1"]
[TimeControl "5400+30"]

1. d4 d5 2. Bf4 Nf6 3. e3 Bf5 4. c4 e6 5. Qb3 Qc8 6. Nc3 c6 7. Nf3 Be7 8. h3 h6 9. Be2 O-O 10. g4 Bh7 11. g5 hxg5 12. Nxg5 Bg6 13. Bg4 Nxg4 14. hxg4 e5 15. dxe5 Qxg4 16. f3 Qf5 17. Rg1 Nd7 18. Qxb7 Rab8 19. Qxc6 Nxe5 20. Qxd5 Nd3+ 21. Kf1 Rxb2 22. Ne2 Bxg5 23. Qxf5 Bxf5 24. Rxg5 Bh3+ 25. Kg1 Rxe2 26. Bd6 Rc8 27. c5 Rxe3 28. f4 Rf3 29. Rb1 Nxf4 30. Kh2 Ne6 31. Rh5 Bf5 32. c6 Bxb1 0-1

[Event "Kragero Resort Chess B 2019"]
[Site "Kragero"]
[Date "2019.02.22"]
[Round "5.7"]
[White "Bernstein, Jonas August"]
[Black "Berg, Thomas"]
[Result "1/2-1/2"]
[ECO "A80"]
[WhiteElo "1744"]
[BlackElo "2235"]
[Annotator "ChessBase"]
[PlyCount "118"]
[EventDate "2019.02.20"]
[EventType "swiss"]
[EventCountry "NOR"]
[SourceTitle "playchess.com"]
[Source "ChessBase"]
[SourceQuality "1"]
[TimeControl "5400+30"]

1. d4 f5 2. Bg5 g6 3. e3 Bg7 4. Bc4 d5 5. Bb3 Nf6 6. Nf3 O-O 7. c4 e6 8. Nc3 c6 9. Ne5 Qe8 10. h4 Ne4 11. Bf4 Nd7 12. Nf3 Ndf6 13. Ne5 Nd7 14. Nxd7 Bxd7 15. f3 Nxc3 16. bxc3 e5 17. dxe5 Bxe5 18. Bxe5 Qxe5 19. Qd4 Qxd4 20. exd4 Rfe8+ 21. Kd2 dxc4 22. Bxc4+ Kg7 23. Rab1 b6 24. f4 Be6 25. Bxe6 Rxe6 26. Rbe1 Rae8 27. Re5 Rxe5 28. fxe5 Kf7 29. Kd3 Ke6 30. Kc4 Rd8 31. Rb1 Rd5 32. Rb2 Ra5 33. g3 h6 34. Rg2 h5 35. Kd3 Ra3 36. Rc2 c5 37. dxc5 bxc5 38. Re2 Ra4 39. Re3 Rxa2 40. Kc4 Ra4+ 41. Kxc5 Ra5+ 42. Kc6 Ra4 43. Kc5 Re4 44. Rd3 Rxe5+ 45. Kc6 a5 46. c4 Ke7 47. c5 Re4 48. Kc7 f4 49. gxf4 Rxf4 50. Rg3 Rg4 51. Re3+ Kf6 52. Rh3 Ke7 53. c6 Rc4 54. Kb7 Kf6 55. c7 Rb4+ 56. Kc6 Rc4+ 57. Kd7 Rd4+ 58. Kc6 Rc4+ 59. Kb7 Rb4+ 1/2-1/2

[Event "Kragero Resort Chess B 2019"]
[Site "Kragero"]
[Date "2019.02.23"]
[Round "6.1"]
[White "Wright, Haakon"]
[Black "Omtvedt, Per"]
[Result "1-0"]
[ECO "A29"]
[WhiteElo "1750"]
[BlackElo "1918"]
[Annotator "NA RC"]
[PlyCount "105"]
[EventDate "2019.02.20"]
[EventType "swiss"]
[EventCountry "NOR"]
[SourceTitle "playchess.com"]
[Source "ChessBase"]
[SourceQuality "1"]
[TimeControl "5400+30"]

1. c4 e5 2. g3 Nf6 3. Bg2 d5 4. cxd5 Nxd5 5. Nc3 Nb6 6. Nf3 Nc6 7. d3 Be7 8. a3 a5 9. b3 O-O 10. O-O Be6 11. Nd2 Qd7 12. Nc4 Nd5 13. Bb2 f6 14. Qd2 Nd4 15. Nxd5 Bxd5 16. Bxd5+ Qxd5 17. Bxd4 exd4 18. Qf4 b5 19. Nd2 Bd6 20. Qe4 Qxe4 21. Nxe4 Rfe8 22. Rfc1 Ra6 23. Kf1 Re5 24. Nxd6 cxd6 25. Rc7 Rc5 26. Rc1 b4 27. axb4 axb4 28. R7xc5 dxc5 29. Rxc5 Ra3 30. Rc4 Rxb3 31. Rxd4 Kf7 32. Rd7+ Kg6 33. Rb7 Rb2 34. Ke1 f5 35. Rb6+ Kg5 36. d4 f4 37. gxf4+ Kxf4 38. d5 Ke5 39. d6 Ke6 40. e4 Rb1+ 41. Kd2 Rh1 42. f4 Rxh2+ 43. Ke3 b3 44. f5+ Kd7 45. e5 Rh1 46. e6+ Kc8 47. Kd4 Rd1+ 48. Kc3 Rf1 49. Rc6+ Kb7 50. Rc7+ Kb6 51. e7 Re1 52. Kxb3 Re5 53. Rc8 1-0

[Event "Kragero Resort Chess B 2019"]
[Site "Kragero"]
[Date "2019.02.23"]
[Round "6.2"]
[White "Leonhardsen, Vebjorn Maanum"]
[Black "Halvorsen, Benjamin"]
[Result "1/2-1/2"]
[ECO "A26"]
[WhiteElo "1748"]
[BlackElo "1683"]
[Annotator "NA RC"]
[PlyCount "73"]
[EventDate "2019.02.20"]
[EventType "swiss"]
[EventCountry "NOR"]
[SourceTitle "playchess.com"]
[Source "ChessBase"]
[SourceQuality "1"]
[TimeControl "5400+30"]

1. c4 e5 2. g3 Nc6 3. Bg2 g6 4. Nc3 Bg7 5. d3 d6 6. f4 Nge7 7. Nf3 O-O 8. O-O Bd7 9. e4 exf4 10. Bxf4 Nd4 11. Qd2 Qc8 12. Bh6 Bh3 13. Bxg7 Nxf3+ 14. Rxf3 Kxg7 15. Bxh3 Qxh3 16. Nd5 Nxd5 17. cxd5 Qh5 18. Raf1 Qe5 19. Qc3 Qxc3 20. bxc3 Rae8 21. Rb1 b6 22. Kf2 Re5 23. Rb4 Rfe8 24. g4 h5 25. h3 hxg4 26. hxg4 Rh8 27. Kg2 Rh4 28. Rg3 Kh6 29. Rh3 Rxh3 30. Kxh3 Kg5 31. Kg3 f5 32. gxf5 gxf5 33. Kf3 a5 34. Rb2 Re7 35. Rg2+ Kf6 36. Kf4 fxe4 37. dxe4 {[%emt 0:00:16] Ke5+ [%emt 00:03:39]} 1/2-1/2

[Event "Kragero Resort Chess B 2019"]
[Site "Kragero"]
[Date "2019.02.23"]
[Round "6.3"]
[White "Manukyan, Hayk T."]
[Black "Tumanyan, Simon H."]
[Result "1/2-1/2"]
[ECO "D13"]
[WhiteElo "1806"]
[BlackElo "1704"]
[Annotator "NA RC"]
[PlyCount "40"]
[EventDate "2019.02.20"]
[EventType "swiss"]
[EventCountry "NOR"]
[SourceTitle "playchess.com"]
[Source "ChessBase"]
[SourceQuality "1"]
[TimeControl "5400+30"]

1. d4 d5 2. c4 c6 3. cxd5 cxd5 4. Nc3 Nf6 5. Nf3 Nc6 6. a3 e6 7. Bg5 Be7 8. e3 O-O 9. Bd3 h6 10. Bxf6 Bxf6 11. O-O Bd7 12. b4 Rc8 13. Qb3 a6 14. Rac1 g5 15. Nd2 Bg7 16. Na4 e5 17. dxe5 Nxe5 18. Rxc8 Qxc8 19. Nb6 Qd8 20. Nxd7 Qxd7 1/2-1/2

[Event "Kragero Resort Chess B 2019"]
[Site "Kragero"]
[Date "2019.02.23"]
[Round "6.4"]
[White "Magnusdottir, Veronika Steinunn"]
[Black "Austad, Eirik"]
[Result "1-0"]
[ECO "B19"]
[WhiteElo "1740"]
[BlackElo "1629"]
[Annotator "NA RC"]
[PlyCount "107"]
[EventDate "2019.02.20"]
[EventType "swiss"]
[EventCountry "NOR"]
[SourceTitle "playchess.com"]
[Source "ChessBase"]
[SourceQuality "1"]
[TimeControl "5400+30"]

1. e4 c6 2. d4 d5 3. Nc3 dxe4 4. Nxe4 Bf5 5. Ng3 Bg6 6. Nf3 Nd7 7. h4 h6 8. h5 Bh7 9. Bd3 Bxd3 10. Qxd3 Ngf6 11. Bd2 e6 12. O-O-O Qc7 13. Kb1 O-O-O 14. Ne4 Nxe4 15. Qxe4 Nf6 16. Qe2 Bd6 17. g3 Rhe8 18. Qc4 Ng4 19. Rhf1 e5 20. dxe5 Nxe5 21. Nxe5 Bxe5 22. Be3 b6 23. Rfe1 Kb7 24. a3 Rxd1+ 25. Rxd1 Re7 26. Qg4 Qc8 27. Qb4 Qe6 28. a4 Rd7 29. Re1 Qd6 30. Qb3 Qd5 31. Qxd5 Rxd5 32. c4 Ra5 33. Bd2 Bd6 34. Bxa5 bxa5 35. Kc2 Kc7 36. Kd3 Kd7 37. Kd4 Be7 38. b3 Bf6+ 39. Kc5 Bc3 40. Rd1+ Kc7 41. f4 Bb4+ 42. Kd4 Kd7 43. Ke5+ Ke7 44. g4 g6 45. hxg6 fxg6 46. f5 Bc3+ 47. Ke4 h5 48. fxg6 hxg4 49. Kf4 Kf6 50. Rd6+ Ke7 51. Rxc6 Kd7 52. Ra6 Bd4 53. g7 Bxg7 54. Rxa7+ 1-0